 Dungeon Sprint DCSS version 0.31-a0-18-gea43df2a32 (webtiles) character file.

Game seed: 16922336722373422047

1251 bmack86 the Warrior (level 8, -8/91 HPs)
             Began as a Minotaur Fighter on May 10, 2023.
             Was a Believer of Okawaru.
             Mangled by a demonic crawler (10 damage)
             ... in the Dungeon (Sprint I: "Red Sonja").
             The game lasted 00:03:19 (481 turns).

bmack86 the Warrior (Minotaur Fighter)               Turns: 481, Time: 00:03:20

Health: -8/91      AC: 11    Str: 23    XL:     8   Next: 26%
Magic:  8/11       EV:  8    Int:  5    God:    Okawaru [**....]
Gold:   405        SH:  5    Dex: 10    Spells: 7/7 levels left

rFire   + . .        a - +0 war axe
rCold   + . .        c - +0 buckler
rNeg    . . .        g - +2 chain mail {rPois}
rPois   +            (helmet restricted)
rElec   +            (no cloak)
rCorr   +            (no gloves)
SInv    .            (no boots)
Will    .....        (no amulet) Stlth
                     (no ring)
HPRegen 0.35/turn    (no ring)
MPRegen 0.12/turn

%: no teleportation
@: resistant
A: horns 2, retaliatory headbutt
a: Renounce Religion, Heroism


You were in the Dungeon.
You worshipped Okawaru.
Okawaru was pleased with you.
You visited 1 branch You collected 405 gold pieces.

Inventory:

Hand Weapons
 a - a +0 war axe (weapon)
Armour
 b - a +0 scale mail
 c - a +0 buckler (worn)
 g - a +2 chain mail of poison resistance (worn)
Wands
 d - a wand of paralysis (3) (quivered)
Scrolls
 j - a scroll of blinking
Potions
 e - a potion of curing
 f - a potion of heal wounds
 h - 2 potions of magic
 i - a potion of berserk rage


   Skills:
 + Level 15.2 Fighting
 + Level 12.9 Axes
 - Level 5.0 Armour
 - Level 2.1 Dodging
 + Level 0.5 Stealth
 - Level 5.1 Shields
 * Level 6.0 Invocations


You had 7 spell levels left.
You didn't know any spells.
Your spell library was empty.

Dungeon Overview and Level Annotations

Branches:
Dungeon (1/1)

Altars:
Cheibriados
Dithmenos
Elyvilon
Fedhas
Gozag
Hepliaklqana
Kikubaaqudgha
Makhleb
Nemelex Xobeh
Okawaru
Qazlal
Ru
Sif Muna
Trog
Uskayaw
Vehumet
Wu Jian
Xom
Yredelemnul
Zin
The Shining One
Jiyva
Lugonu

Shops:
D [


Innate Abilities, Weirdness & Mutations

You have a pair of horns on your head.
You reflexively headbutt those who attack you in melee.


Message History

You closely miss the kobold demonologist.
You block the kobold demonologist's attack.
Your Axes skill increases to level 12!
Your Invocations skill gained 2 levels and is now at level 5!
The kobold demonologist hits you but does no damage.
Things that are here:
a +0 dagger; a +0 robe The kobold demonologist barely misses you.
You furiously retaliate!
You headbutt the kobold demonologist! You slash the kobold demonologist!
You kill the kobold demonologist!
Okawaru is honoured by your kill.
Your Fighting skill increases to level 15!
Your Invocations skill increases to level 6!
You have reached level 8!
You feel stronger.
Things that are here:
a +0 dagger; a +0 robe; a kobold corpse
Things that are here:
a +0 dagger; a +0 robe You open the door. 4 demonic crawlers come into view.
The demonic crawler gives a hideous shriek! x3
You hit the demonic crawler but do no damage.
The demonic crawler hits you but does no damage.
The demonic crawler hits you. The demonic crawler hits you!
You closely miss the demonic crawler. You headbutt the demonic crawler.
The demonic crawler is lightly wounded.
You hit the demonic crawler.
The demonic crawler is lightly wounded.
You hit the demonic crawler. The demonic crawler hits you.
The demonic crawler hits you!
* * * LOW HITPOINT WARNING * * *
The demonic crawler hits you!
* * * LOW HITPOINT WARNING * * *
The demonic crawler hits you but does no damage.
The demonic crawler closely misses you. The demonic crawler hits you!
* * * LOW HITPOINT WARNING * * *
You block the demonic crawler's attack. The demonic crawler hits you!
You die...

##################
.#..'..#__#..'.).#
.)..#..'..'..#).s##+#
'#####'#__####..@ss.#
.#...#)#### #####s.+
##..##)# ## _##'#_.+
..†..._# _##_.#'#
_###+#.# ## ###


You could see 4 demonic crawlers.

Vanquished Creatures
  2 kobold demonologists (D)
  Sigmund (D)
  A slime creature (D)
  A yak (D)
  A floating eye (D)
  An ogre (D)
  A jelly (D)
  Ijyb (D)
9 creatures vanquished.

Notes
Turn   | Place    | Note
-------+----------+-------------------------------------------
     0 | D        | bmack86 the Minotaur Fighter began the quest for the Orb.
     0 | D        | Reached XP level 1. HP: 19/19 MP: 0/0
     2 | D        | Noticed Ijyb
     2 | D        | Paralysed by Ijyb for 3 turns
     8 | D        | Paralysed by Ijyb for 4 turns
    17 | D        | Killed Ijyb
    18 | D        | Reached skill level 5 in Fighting
    18 | D        | Reached skill level 5 in Armour
    18 | D        | Reached skill level 5 in Shields
    18 | D        | Reached XP level 2. HP: 27/29 MP: 1/1
    33 | D        | Noticed an ogre
    37 | D        | Killed an ogre
    38 | D        | Reached skill level 8 in Fighting
    38 | D        | Reached skill level 5 in Axes
    38 | D        | Reached skill level 1 in Dodging
    38 | D        | Reached XP level 3. HP: 12/41 MP: 2/2
    38 | D        | Reached XP level 4. HP: 15/49 MP: 3/3
    50 | D        | Noticed Sigmund
    78 | D        | Killed Sigmund
    79 | D        | Reached skill level 11 in Fighting
    79 | D        | Reached XP level 5. HP: 10/62 MP: 4/4
    79 | D        | Reached XP level 6. HP: 11/70 MP: 5/5
   285 | D        | Found an ornate altar of the Wu Jian Council.
   285 | D        | Found a shimmering blue altar of Sif Muna.
   287 | D        | Found a radiant altar of Vehumet.
   291 | D        | Reached skill level 12 in Fighting
   305 | D        | Found Hoishrig's Armour Emporium.
   305 | D        | Found an ancient bone altar of Kikubaaqudgha.
   305 | D        | Found a hazy altar of Hepliaklqana.
   305 | D        | Found a stormy altar of Qazlal.
   305 | D        | Found a hide-covered altar of Uskayaw.
   305 | D        | Found a blossoming altar of Fedhas.
   305 | D        | Found a bloodstained altar of Trog.
   305 | D        | Found an iron altar of Okawaru.
   305 | D        | Found a basalt altar of Yredelemnul.
   305 | D        | Found a glowing golden altar of the Shining One.
   305 | D        | Found a snail-covered altar of Cheibriados.
   305 | D        | Found a sacrificial altar of Ru.
   305 | D        | Found a glowing silver altar of Zin.
   305 | D        | Found a shadowy altar of Dithmenos.
   305 | D        | Found a white marble altar of Elyvilon.
   305 | D        | Noticed a yak
   313 | D        | Killed a yak
   314 | D        | Reached skill level 13 in Fighting
   314 | D        | Reached skill level 10 in Axes
   314 | D        | Found an opulent altar of Gozag.
   315 | D        | Found a sparkling altar of Nemelex Xobeh.
   321 | D        | Became a worshipper of Warmaster Okawaru
   439 | D        | Found a burning altar of Makhleb.
   439 | D        | Found a viscous altar of Jiyva.
   439 | D        | Found a shimmering altar of Xom.
   439 | D        | Found a corrupted altar of Lugonu.
   439 | D        | Noticed a slime creature
   446 | D        | Killed a slime creature
   447 | D        | Reached skill level 14 in Fighting
   447 | D        | Reached XP level 7. HP: 52/81 MP: 5/8
   460 | D        | Noticed a kobold demonologist
   460 | D        | Noticed a kobold demonologist
   467 | D        | Noticed a soul eater
   468 | D        | Killed a kobold demonologist
   468 | D        | Reached * piety under Okawaru
   469 | D        | Reached skill level 5 in Invocations
   471 | D        | Killed a kobold demonologist
   471 | D        | Reached ** piety under Okawaru
   472 | D        | Reached skill level 15 in Fighting
   472 | D        | Reached XP level 8. HP: 53/91 MP: 7/11
   478 | D        | Noticed a demonic crawler
   478 | D        | Noticed a demonic crawler
   478 | D        | Noticed a demonic crawler
   478 | D        | Noticed a demonic crawler
   481 | D        | HP: 2/91 [demonic crawler (11)]
   481 | D        | Mangled by a demonic crawler

Illustrated notes

Levels and vault maps discovered:
D:        dungeon_sprint_1 [red_sonja_temple_1, red_sonja_temple_small_1]

Skill      XL: |  1  2  3  4  5  6  7 |
---------------+----------------------+-----
Fighting       | 5 8 11 14 15 | 15.2
Axes           | 3 5 8 10 12 | 12.9
Armour         | 5 |  5.0
Shields        | 5 |  5.1
Dodging        | 1 2 |  2.1
Invocations    | 2 6 |  6.0
Stealth        | |  0.5

Action                     |  1- 3 |  4- 6 |  7- 9 || total
---------------------------+-------+-------+-------++-------
  Melee: War axe           |    10 |    25 |    10 ||    45
         Headbutt          |       |     4 |     2 ||     6
    Use: Potion            |     2 |     1 |       ||     3
 Armour: Scale mail        |     2 |       |       ||     2
         Chain mail        |       |     6 |     5 ||    11
  Dodge: Dodged            |     4 |    12 |     3 ||    19
  Block: Buckler           |     2 |     3 |     4 ||     9

Table legend: (Time is in decaauts)
 A = Elapsed time spent in this place.
 B = Non-inter-level travel time spent in this place.
 C = Inter-level travel time spent in this place.
 D = Time resting spent in this place.
 E = Time spent auto-exploring this place.
 F = Levels seen in this place.
 G = Mean time per level.
                   A        B        C        D        E       F      G
               +--------+--------+--------+--------+--------+-----+--------+
         Total |    470 |    470 |      0 |    272 |      0 |   1 |  470.0 |
       Dungeon |    470 |    470 |      0 |    272 |      0 |   1 |  470.0 |
               +--------+--------+--------+--------+--------+-----+--------+

Top non-repeatable levels by time:
       D: 470 daAuts
